AoeStats
← dkokden

Black Forest

508251542Analyzed
3v3 RM · 12d ago on Sep 21, 2026· 68m 28s· 6 players
Game mode
Random Map
Map size
Normal (6 player)
Population
200
Speed
Normal
Resources
Standard
Victory
Conquest
Starting age
Dark Age
Ending age
Imperial Age
RankedLock teamsTeams togetherTeam positionsShared explorationLock speedFull tech treeHidden civsTurbo modeCheats
Victory
Defeat
🇺🇸 Persians · United States
831
+16
🇨🇷 Huns · Costa Rica
826
+16
🇨🇴 Armenians · Colombia
794
+18
🇹🇷 Goths · Türkiye
859
-17
🇹🇷 Mongols · Türkiye
835
-17
🇩🇪 Khmer · Germany
807
-16
Farraway
10:04 Loom
12:36 Feudal Age
15:46 Wheelbarrow
15:13 Double-Bit Axe
15:09 Horse Collar
20:09 Castle Age
19:02 Gold Mining
19:04 Stone Mining
20:04 Bloodlines
23:30 Fletching
23:59 Husbandry
25:11 Hand Cart
26:18 Bodkin Arrow
32:47 Imperial Age
31:31 Thumb Ring
33:42 Onager
34:36 Town Watch
35:22 Parthian Tactics
34:31 Heavy Cavalry Archer
35:16 Padded Archer Armor
40:43 Town Patrol
42:48 Citadels
43:25 Onager
43:26 Capped Ram
46:29 Conscription
46:38 Leather Archer Armor
48:40 Chemistry
48:00 Ballistics
50:43 Cavalier
52:09 Bow Saw
52:41 Gold Shaft Mining
52:42 Stone Shaft Mining
52:09 Heavy Plow
52:03 Elite War Elephant
52:17 Savar
53:04 Scale Barding Armor
53:10 Forging
53:31 Ring Archer Armor
55:23 Crop Rotation
55:48 Block Printing
56:16 Theocracy
57:42 Chain Barding Armor
65:55 Guilds
68:16 Plate Barding Armor
68:17 Iron Casting
mandalvarado
0:44 Loom
12:12 Feudal Age
13:09 Double-Bit Axe
18:10 Fishing Lines
22:18 Castle Age
24:26 Forging
24:23 Scale Barding Armor
26:01 Iron Casting
32:35 Gillnets
35:38 Caravan
37:48 Wheelbarrow
37:46 Gold Mining
37:46 Stone Mining
37:41 Horse Collar
42:21 Imperial Age
40:27 Hand Cart
40:38 Bloodlines
40:28 Husbandry
40:23 Fletching
40:33 Scale Mail Armor
40:55 Chain Barding Armor
41:16 Bodkin Arrow
42:20 Gold Shaft Mining
41:47 Heavy Plow
42:02 Bow Saw
42:39 Squires
42:58 Marauders
44:23 Blast Furnace
43:06 Cavalier
43:34 Elite Skirmisher
44:32 Paladin
48:10 Ballistics
48:51 Chemistry
49:48 Capped Ram
51:56 Plate Barding Armor
51:22 Bracer
51:05 Siege Ram
51:11 Siege Ram
Jusep Pedrerol
0:28 Loom
16:05 Feudal Age
17:59 Man-at-Arms
18:59 Long Swordsman
19:25 Arson
19:33 Horse Collar
24:14 Forging
24:05 Scale Mail Armor
24:05 Double-Bit Axe
24:13 Gold Mining
25:33 Wheelbarrow
25:11 Stone Mining
27:26 Town Watch
27:57 Pikeman
30:50 Castle Age
28:55 Pikeman
30:18 Fletching
30:57 Halberdier
31:38 Squires
32:19 Chain Mail Armor
33:24 Bow Saw
33:40 Hand Cart
33:06 Two-Handed Swordsman
35:02 Gold Shaft Mining
34:46 Heavy Plow
35:18 Gambesons
39:20 Iron Casting
39:54 Champion
41:41 Ballistics
41:18 Murder Holes
41:34 Masonry
47:22 Imperial Age
47:35 Capped Ram
48:26 Siege Ram
50:43 Chemistry
50:48 Blast Furnace
50:19 Plate Mail Armor
49:46 Bodkin Arrow
51:02 Fereters
51:18 Conscription
51:52 Town Patrol
dkokden
1:00 Loom
22:05 Feudal Age
36:10 Castle Age
36:38 Horse Collar
36:49 Double-Bit Axe
41:44 Anarchy
45:06 Heavy Plow
45:53 Bow Saw
47:34 Squires
46:55 Pikeman
Endzeitboss
0:33 Loom
15:22 Feudal Age
15:48 Double-Bit Axe
15:47 Horse Collar
16:09 Fishing Lines
19:00 Wheelbarrow
25:47 Town Watch
27:35 Stone Mining
31:05 Castle Age
32:32 Hand Cart
32:31 Bow Saw
32:59 Stone Shaft Mining
32:18 Gold Mining
34:55 Heavy Plow
37:23 Town Patrol
38:33 Gold Shaft Mining
43:46 Imperial Age
41:34 Forging
41:29 Scale Barding Armor
41:15 Fletching
41:37 Scale Barding Armor
41:46 Fortified Wall
41:57 Ballistics
41:49 Masonry
44:30 Bodkin Arrow
45:10 Iron Casting
44:56 Chain Barding Armor
45:00 Conscription
45:17 Hoardings
44:46 Murder Holes
46:04 Chemistry
45:46 Architecture
47:01 Double Crossbow
46:22 Elite Ballista Elephant
46:36 Sappers
47:11 Bracer
48:16 Blast Furnace
49:21 Plate Barding Armor
48:16 Light Cavalry
49:07 Bloodlines
48:58 Husbandry
51:25 Hussar
56:46 Pikeman
61:11 Halberdier
SEFA
0:29 Loom
16:02 Feudal Age
17:58 Double-Bit Axe
18:04 Gold Mining
18:50 Wheelbarrow
18:00 Horse Collar
18:45 Stone Mining
21:29 Castle Age
22:10 Fletching
22:22 Padded Archer Armor
22:38 Bow Saw
23:04 Gold Shaft Mining
22:58 Bodkin Arrow
25:47 Man-at-Arms
27:08 Long Swordsman
32:35 Hand Cart
33:31 Pikeman
34:47 Ballistics
34:38 Fortified Wall
34:45 Leather Archer Armor
35:40 Heavy Plow
38:13 Scale Mail Armor
39:14 Forging
40:08 Chain Mail Armor
53:55 Imperial Age
56:30 Iron Casting
56:26 Plate Mail Armor
Connection lost

Rejoining the realm…

Still unreachable

The connection could not be restored.

Session expired

The server has moved on; the page needs a fresh start.